 Dungeon Crawl Stone Soup version 0.17.0-24-gcfadda4 (webtiles) character file.

1261 Ivanskos the Ruffian (level 8, 0/105 HPs)
             Began as a Minotaur Monk on Nov 17, 2015.
             Was a Priest of Nemelex Xobeh.
             Succumbed to poison (a potion of poison)
             ... on level 5 of the Dungeon.
             The game lasted 00:57:03 (4260 turns).

Ivanskos the Ruffian (Minotaur Monk)                Turns: 4260, Time: 00:57:03

Health: 0/105      AC: 24    Str: 19 (20) XL:     8   Next: 27%
Magic:  9/9        EV:  2    Int: 12      God:    Nemelex Xobeh [***...]
Gold:   103        SH:  0    Dex: 13      Spells: 0 memorised, 7 levels left

rFire  . . .     SeeInvis .     m - +2 scythe (freeze)
rCold  . . .     Clarity  .     (armour currently unavailable)
rNeg   + + +     SustAt   .     (shield currently unavailable)
rPois  +         Gourm    .     (helmet currently unavailable)
rElec  .         Spirit   .     (cloak currently unavailable)
rCorr  .         Warding  +     (gloves currently unavailable)
rMut   .         NoTele   +     (boots currently unavailable)
MR     .....                    g - amulet of warding
Stlth  +++.......               e - +2 ring of strength
                                d - ring of teleportation

@: brilliant, lethally poisoned (0 -> -9), tree-form, very slightly
contaminated, hasted, very quick, not resistant to hostile enchantments, fairly
stealthy
A: (retaliatory headbutt), (horns 0)
a: Triple Draw, Renounce Religion, Evoke Teleportation


You were on level 5 of the Dungeon.
You worshipped Nemelex Xobeh.
Nemelex Xobeh was most pleased with you.
You were not hungry.
You were a tree.
You visited 1 branch of the dungeon, and saw 5 of its levels.

You collected 103 gold pieces.

Inventory:

Hand Weapons
 m - a +2 scythe of freezing (weapon)
Armour
 f - a +0 chain mail (melded)
 l - a +0 pair of gloves (melded)
Jewellery
 d - a ring of teleportation (left branch)
 e - a +2 ring of strength (right branch)
 g - an amulet of warding (around neck)
 j - an uncursed amulet of rage
Wands
 t - a wand of confusion (34)
 u - a wand of enslavement (10)
Scrolls
 c - 2 scrolls of recharging
 r - 3 scrolls of remove curse
 s - a scroll of identify
Potions
 n - a potion of degeneration
 x - a potion of agility
Books
 i - a book of Summonings

   Spells                             Type                      Level
   a - Recall                         Summoning/Translocation      3
   b - Aura of Abjuration             Summoning                    5
   c - Shadow Creatures               Summoning                    5
   d - Summon Demon                   Summoning                    5
   e - Summon Forest                  Summoning/Translocation      5
   f - Summon Mana Viper              Hexes/Summoning              5
Miscellaneous
 a - a plain deck of war {drawn: 5}
 h - a legendary deck of war {drawn: 5}
Comestibles
 p - a meat ration
 z - a bread ration


   Skills:
 + Level 5.7 Fighting
 + Level 1.3 Polearms
 + Level 4.7 Armour
 + Level 6.0 Dodging
 + Level 3.0 Stealth
 + Level 7.1 Unarmed Combat
 + Level 2.6 Evocations


You had 7 spell levels left.
You didn't know any spells.

Dungeon Overview and Level Annotations

Branches:
Dungeon (5/15)
 Temple: D:4-7

Altars:
Cheibriados
Dithmenos
Gozag
Nemelex Xobeh
Sif Muna
The Shining One


Innate Abilities, Weirdness & Mutations

((You reflexively headbutt those who attack you in melee.))
((You have a pair of horns on your head.))


Message History

There is a lethal amount of poison in your body!
There is a lethal amount of poison in your body!
* * * LOW HITPOINT WARNING * * *
You feel sick.
The crimson imp blinks!
* * * LOW HITPOINT WARNING * * *
You feel sick.
Your rakshasa gestures.
Your rakshasa blinks!
Your cleaving frenzy subsides.
* * * LOW HITPOINT WARNING * * *
You feel sick.
The crimson imp closely misses your smoke demon.
Your rakshasa gestures.
Your rakshasa blinks!
Your smoke demon closely misses the crimson imp.
Your smoke demon hits the crimson imp.
Your smoke demon closely misses the crimson imp.
The crimson imp barely misses your smoke demon.
You die...
Your body disappears without a glow.

... . .. .. ..
...###+#.
.........
#.....#
#.....#
+....♣#
#...R.# .
....§.... ..
.......3.. ...
.......5§..
............
.............
(.............


You could see a crimson imp, a friendly rakshasa and a friendly smoke demon.

Vanquished Creatures
  Grinder (D:3)
  Menkaure (D:4)
  Duvessa (D:4)
  2 phantoms
  Dowan (D:4)
  A scorpion (D:4)
  An orc priest (D:4)
  Ijyb (D:3)
  Natasha (thrice) (D:2)
  An orc wizard (D:4)
  2 worker ants (D:4)
  8 adders
  6 gnolls
  A river rat (D:4)
  An ooze (D:2)
  An adder skeleton (D:4)
  4 worms
  2 giant geckos
  8 orcs
  A ball python (D:4)
  9 bats
  9 giant cockroaches
  11 hobgoblins
  15 jackals
  A quokka (D:4)
  4 giant newts
  10 goblins
  10 kobolds
  7 rats
123 creatures vanquished.

Vanquished Creatures (collateral kills)
  Sigmund (D:4)
  Robin (D:3)
  An adder (D:3)
  3 gnolls (D:3)
  2 orcs
  A giant cockroach (D:3)
  A hobgoblin (D:3)
  5 jackals
  A ball python (D:4)
  8 goblins (D:3)
  2 rats
26 creatures vanquished.

Grand Total: 149 creatures vanquished

Notes
Turn   | Place    | Note
--------------------------------------------------------------
     0 | D:1      | Ivanskos the Minotaur Monk began the quest for the Orb.
     0 | D:1      | Reached XP level 1. HP: 19/19 MP: 0/0
    89 | D:1      | Reached XP level 2. HP: 26/26 MP: 1/1
   243 | D:1      | Reached skill level 5 in Unarmed Combat
   276 | D:1      | Reached XP level 3. HP: 19/33 MP: 2/2
   997 | D:2      | Reached XP level 4. HP: 19/40 MP: 3/3
  1128 | D:2      | Found a shadowy altar of Dithmenos.
  1128 | D:2      | Found an opulent altar of Gozag.
  1128 | D:2      | Found a glowing golden altar of the Shining One.
  1128 | D:2      | Found a sparkling altar of Nemelex Xobeh.
  1129 | D:2      | Noticed Natasha
  1146 | D:2      | Killed Natasha
  1202 | D:2      | Became a worshipper of Nemelex Xobeh the Trickster
  1202 | D:2      | Received a gift from Nemelex Xobeh
  1202 | D:2      | Reached * piety under Nemelex Xobeh
  1202 | D:2      | Reached ** piety under Nemelex Xobeh
  1390 | D:2      | Noticed Natasha
  1396 | D:2      | Killed Natasha
  1471 | D:2      | Noticed Natasha
  1478 | D:2      | Killed Natasha
  1552 | D:2      | Received a gift from Nemelex Xobeh
  1965 | D:3      | Found a faded altar to an unknown god.
  2168 | D:3      | Reached XP level 5. HP: 46/46 MP: 4/4
  2171 | D:3      | Noticed Robin
  2194 | D:3      | Killed Robin
  2267 | D:3      | Found a snail-covered altar of Cheibriados.
  2299 | D:3      | Noticed Grinder
  2325 | D:3      | Killed Grinder
  2325 | D:3      | Reached skill level 6 in Unarmed Combat
  2325 | D:3      | Reached XP level 6. HP: 29/53 MP: 5/5
  2331 | D:3      | Received a gift from Nemelex Xobeh
  2393 | D:3      | Noticed Ijyb
  2402 | D:3      | Killed Ijyb
  2402 | D:3      | Reached skill level 1 in Evocations
  2617 | D:3      | Reached skill level 5 in Fighting
  3202 | D:4      | Reached XP level 7. HP: 43/61 MP: 7/7
  3270 | D:4      | Noticed Sigmund
  3316 | D:4      | Received a gift from Nemelex Xobeh
  3321 | D:4      | HP: 1/61 [something (4)]
  3324 | D:4      | Noticed Menkaure
  3325 | D:4      | Reached *** piety under Nemelex Xobeh
  3356 | D:4      | Killed Menkaure
  3356 | D:4      | Reached skill level 5 in Dodging
  3366 | D:4      | Killed Sigmund
  3523 | D:4      | Noticed Duvessa
  3524 | D:4      | Noticed Dowan
  3530 | D:4      | Killed Duvessa
  3539 | D:4      | Killed Dowan
  3539 | D:4      | Reached skill level 7 in Unarmed Combat
  3539 | D:4      | Reached XP level 8. HP: 32/68 MP: 8/8
  3660 | D:4      | Found a deep blue altar of Sif Muna.
  4136 | D:5      | Entered Level 5 of the Dungeon
  4163 | D:5      | Reached skill level 1 in Polearms
  4254 | D:5      | HP: 4/105 [poison (a potion of poison)]
  4258 | D:5      | HP: 1/105 [poison (a potion of poison)]
  4260 | D:5      | Succumbed to poison (a potion of poison)

Action                   |  1- 3 |  4- 6 |  7- 9 || total
-------------------------+-------+-------+-------++-------
Melee: Unarmed           |   103 |   135 |    35 ||   273
       Scythe            |       |       |    64 ||    64
Evoke: Deck              |       |    17 |    10 ||    27
  Use: Scroll            |     4 |     5 |     5 ||    14
       Potion            |       |       |    10 ||    10
 Stab: Sleeping          |     3 |     1 |       ||     4
  Eat: Bread ration      |       |     2 |     1 ||     3
